 Dungeon Crawl Stone Soup version 0.23.0 (webtiles) character file.

Game seed: 13716208441375016081

94 Hercules1031 the Shield-Bearer (level 4, -4/37 HPs)
             Began as a Formicid Fighter on Feb 12, 2019.
             Killed by divine providence
             ... invoked by an orc priest
              (12 damage)
             ... on level 3 of the Dungeon.
             The game lasted 00:05:49 (1980 turns).

Hercules1031 the Shield-Bearer (Formicid Fighter)   Turns: 1980, Time: 00:05:50

Health: -4/37      AC:  8    Str: 21    XL:     4   Next: 94%
Magic:  4/4        EV:  8    Int:  8    God:
Gold:   36         SH:  9    Dex: 10    Spells: 3/3 levels left

rFire    . . .     SeeInvis +   a - +1 quarterstaff
rCold    . . .     Gourm    .   c - +0 shield
rNeg     . . .     Faith    .   b - +0 scale mail
rPois    .         Spirit   .   (helmet unavailable)
rElec    .         Reflect  .   g - +0 cloak
rCorr    .         Harm     .   (no gloves)
MR       .....                  (no boots)
Stlth    ..........             e - amulet of inaccuracy (curse)
HPRegen  0.12/turn              (no ring)
MPRegen  0.09/turn              (no ring)

@: no status effects
A: permanent stasis, dig shafts and tunnels, four strong arms, antennae 3
a: Dig, Shaft Self


You were on level 3 of the Dungeon.
You were hungry.

You visited 1 branch of the dungeon, and saw 3 of its levels.

You collected 36 gold pieces.

Inventory:

Hand Weapons
 a - a +1 quarterstaff (weapon)
Armour
 b - a +0 scale mail (worn)
 c - a +0 shield (worn)
 g - a +0 cloak (worn)
 o - a scarf of spirit shield
Jewellery
 e - a cursed amulet of inaccuracy (around neck)
Wands
 m - a wand of polymorph (10)
Scrolls
 i - 4 scrolls of identify
 j - a scroll of amnesia
Potions
 d - a potion of might
 h - 4 potions of flight {unknown}
 k - a potion of mutation {unknown}
 l - a potion of ambrosia {unknown}
 n - a potion of resistance {unknown}
 q - a potion of haste {unknown}
Comestibles
 f - 6 rations


   Skills:
 + Level 3.9 Fighting
 + Level 2.7 Staves
 + Level 3.9 Armour
 + Level 1.3 Dodging
 + Level 4.3 Shields


You had 3 spell levels left.
You didn't know any spells.
Your spell library was empty.

Dungeon Overview and Level Annotations

Branches:
Dungeon (3/15)

Altars:


Innate Abilities, Weirdness & Mutations

You cannot be hasted, slowed, berserked, paralysed or teleported.
You can dig through walls and to a lower floor.
Your four strong arms can wield two-handed weapons with a shield.
You have a pair of large antennae on your head. (SInv)


Message History

The goblin hits you but does no damage.
Items here: ))))) [[[ ††††† You block the goblin's attack.
You sock the goblin!
You kill the goblin!
Your shield prevents you from hitting the orc priest.
The orc priest hits you with a +0 short sword.
* * * LOW HITPOINT WARNING * * *
The orc priest barely misses you.
You hit the orc priest but do no damage.
You block the orc priest's attack.
You closely miss the orc priest.
The orc priest hits you with a +0 short sword.
* * * LOW HITPOINT WARNING * * *
You hit the orc priest.
The orc priest is moderately wounded.
The orc priest miscasts a cantrip.
The orc priest mumbles some strange prayers to Beogh against you.
Beogh smites you!
You die...

#........
#...o...#
#..o....#
#.......#
#....o..# .$
#.......###....
#.......)g...#
#.......####.#
#####....o@#
######)# . #(# ..
#.# .. #.# .. #.#
.. #.#############
.. #.##..........#
..
#.##..........####


You could see an orc priest.

Vanquished Creatures
  An adder (D:2)
  2 worms (D:2)
  A dart slug (D:1)
  7 orcs (D:3)
  7 giant cockroaches
  7 goblins
  10 hobgoblins
  7 jackals
  5 kobolds
  A quokka (D:3)
  6 bats
  3 frilled lizards (D:1)
  4 rats
61 creatures vanquished.

Notes
Turn   | Place    | Note
-------+----------+-------------------------------------------
     0 | D:1      | Hercules1031 the Formicid Fighter began the quest for the
                  | Orb.
     0 | D:1      | Reached XP level 1. HP: 18/18 MP: 1/1
    63 | D:1      | Reached XP level 2. HP: 24/24 MP: 2/2
   167 | D:1      | Reached XP level 3. HP: 18/29 MP: 3/3
   286 | D:1      | Reached skill level 4 in Shields
   593 | D:2      | Reached skill level 1 in Dodging
   964 | D:2      | Reached XP level 4. HP: 37/37 MP: 4/4
  1980 | D:3      | Killed from afar by an orc priest

Skill      XL: |  1  2  3 |
---------------+----------+-----
Shields        | 4 |  4.3
Dodging        | 1 |  1.3
Fighting       | |  3.9
Staves         | |  2.7
Armour         | |  3.9

Action                   |  1- 3 |  4- 6 || total
-------------------------+-------+-------++-------
Melee: Quarterstaff      |   189 |   129 ||   318
  Use: Scroll            |     3 |     6 ||     9
  Eat: Ration            |     1 |       ||     1
Armor: Scale mail        |   171 |    64 ||   235
Dodge: Dodged            |   122 |    52 ||   174
Block: Shield            |   185 |    95 ||   280
